[Event "56th Ilmar Raud Memorial 2022"]
[Site "Viljandi"]
[Date "2022.07.09"]
[Round "8.1"]
[White "Laurusas, Tomas"]
[Black "Kanep, Meelis"]
[Result "1-0"]
[ECO "E62"]
[WhiteElo "2561"]
[BlackElo "2417"]
[Annotator "TA"]
[PlyCount "83"]
[EventDate "2022.07.05"]
[EventType "swiss"]
[EventCountry "EST"]
[SourceTitle "playchess.com"]
[Source "ChessBase"]
[SourceQuality "1"]
[TimeControl "40/5400+30:900+30"]

1. c4 Nf6 2. Nc3 g6 3. g3 Bg7 4. Bg2 O-O 5. d4 d6 6. Nf3 Nc6 7. O-O e5 8. d5 Nb8 {[%emt 0:00:20] is the new trend.} 9. c5 {[%emt 0:00:08] E62: King's Indian: Fianchetto: 6...c6 and Panno Variation (6...Nc6) without ...a6.} Na6 10. cxd6 cxd6 11. Nd2 {[%emt 0:18:57] The position is equal.} Bd7 12. a4 Rc8 13. Nb3 Ne8 14. Be3 Ra8 {[%emt 0:02:51] [#]} 15. Qd2 $5 $146 {[%emt 0:04:38][%mdl 8] An interesting novelty.} ({Predecessor:} 15. Nb5 b6 16. Nc3 f5 17. a5 b5 18. Qd3 Qb8 19. Rfc1 Nf6 20. h3 Rc8 21. Qd2 {0-1 (40) Kuzubov,Y (2643)-Onischuk,V (2633) Chess.com INT 2020}) 15... b6 16. a5 Nc5 17. Nxc5 bxc5 18. b4 $1 cxb4 19. Na2 a6 ({But not} 19... Qxa5 20. Nxb4 Qc7 21. Rfc1 $16) (19... b3 $11 20. Nb4 e4) 20. Nxb4 {[%emt 0:00:40] Hoping for Nc6.} Bb5 21. Bb6 Qd7 22. Rfc1 f5 23. Bh3 Qe7 24. Nc6 Qf6 25. Na7 {[%emt 0:00:06] 0x0.0022fd529635dp-1022s more active pieces. The black rooks are badly placed.} (25. e4 $16) 25... Bd7 $1 $14 26. Qd3 Qf7 27. Qxa6 ({Inferior is} 27. Nc6 e4 28. Qa3 Bxa1 29. Rxa1 Rc8 $17) 27... Qxd5 28. Rd1 $36 {[%emt 0:00:18][%mdl 2048] White is on the roll.} Qe6 29. Rac1 (29. e4 $16) 29... d5 (29... Ba4 $1 $14) 30. Qd3 (30. Bg2 $142 Nf6 31. Qb7) 30... Nf6 {[%emt 0:00:23] [#]} (30... d4 $16 {was necessary.}) 31. Nb5 $1 $18 e4 32. Qb3 {[%emt 0:00:14] Black must now prevent Nc7.} Bxb5 33. Qxb5 Qd7 34. Qb4 ({Much less strong is} 34. Qxd7 Nxd7 35. Rxd5 Nxb6 36. axb6 Rab8 $16) 34... Rfc8 35. e3 Rxc1 $2 (35... Rcb8 {was worth a try.} 36. Bf1 Qe6) 36. Rxc1 Ng4 $2 (36... Qe6 37. Qb5 Ng4 38. Bxg4 fxg4) 37. Rc7 Qe6 38. Bxg4 {[%emt 0:00:31][%cal Ob6d4] [#] aiming for Bd4!} fxg4 39. Bd4 {[%emt 0:00:46] White mates.} Be5 40. Qb7 Bxc7 41. Qxa8+ Kf7 42. Qb7 {[%emt 0:00:05] Weighted Error Value: White=0.09 (flawless) /Black=0.45} (42. a6 $142 Qd7 43. Qh8 Qa4 44. Qf6+ Ke8 45. Qe6+ Kf8 46. Qc8+ Ke7 47. Qxc7+ Ke8 48. Qe5+ Kd7 49. Qxd5+ Kc7 50. Qf7+ Kd6 51. Qf4+ Kd7 52. Qxg4+ Kd6 53. Qf4+ Kd7 54. Qf7+ Kd6 55. Qf8+ Kd5 56. a7) 1-0

[Event "56th Ilmar Raud Memorial 2022"]
[Site "Viljandi"]
[Date "2022.07.09"]
[Round "8.2"]
[White "Kulaots, Kaido"]
[Black "Seeman, Tarvo"]
[Result "1/2-1/2"]
[ECO "B08"]
[WhiteElo "2543"]
[BlackElo "2410"]
[Annotator "TA"]
[PlyCount "117"]
[EventDate "2022.07.05"]
[EventType "swiss"]
[EventCountry "EST"]
[SourceTitle "playchess.com"]
[Source "ChessBase"]
[SourceQuality "1"]
[TimeControl "40/5400+30:900+30"]

1. e4 g6 2. d4 Bg7 3. Nf3 d6 4. Be3 Nf6 5. Nc3 O-O 6. Qd2 Nc6 7. O-O-O Bg4 8. Be2 e5 {[%emt 0:20:20] B08: Pirc Defence: Classical System.} 9. dxe5 dxe5 10. h3 Bxf3 {[%emt 0:02:11] White is slightly better.} 11. Bxf3 Qxd2+ 12. Rxd2 Rfd8 13. Rhd1 Rxd2 14. Rxd2 a6 15. Nd5 Nxd5 16. Rxd5 {[%emt 0:01:59] [#]} Rd8 $146 ({Predecessor:} 16... Bf8 17. c4 Be7 18. a3 Rd8 19. Bg4 b6 20. Kd2 a5 21. Kc3 Rxd5 22. exd5 Nd4 {½-½ (35) Bartel,M-Voss,N DESC email 2005}) 17. c3 Kf8 18. Kc2 Ke8 19. b4 Ne7 20. Rxd8+ Kxd8 $14 {[%emt 0:00:04][%mdl 4096] Endgame KBB-KBN} 21. Kd3 h5 22. Bd1 Nc8 23. Bb3 Ke7 24. h4 Ke8 25. a4 {[%emt 0:04:23] White is more active.} Bf8 26. a5 Nd6 27. f3 Be7 28. Bf2 f5 29. exf5 gxf5 {[%emt 0:00:16] [#]} 30. f4 (30. c4 $1 $16) 30... e4+ 31. Kd2 Bf6 $1 32. c4 (32. Bd1 $14) 32... Kf8 (32... Kd7 $11 {remains equal.}) 33. g3 ({White should play} 33. c5 $16 Nb5 34. Be6) 33... c6 34. Bc5 Ke7 35. Bd1 Ke6 36. Be2 Bb2 (36... e3+ $1 $14 37. Kxe3 Ne4) 37. Kc2 $18 ({Don't take} 37. Bxh5 $6 Nxc4+ 38. Kc2 Bh8 $14) 37... Bf6 38. Be3 ({Don't do} 38. Bxh5 $6 Nxc4 39. Be2 Kd5 $14) 38... Bg7 39. Kb3 Ne8 40. Bxh5 Nf6 41. Be2 Ng4 (41... Bf8 $16 42. b5 c5) 42. Bc5 Nh2 43. Kc2 Kf7 44. h5 Bf6 (44... Kg8 $142 45. Bb6 Nf3) 45. Kd2 Bb2 (45... Kg7 {keeps fighting.} 46. Ke3 Kh7) 46. b5 Kg7 47. bxa6 bxa6 48. Bd6 {[%emt 0:02:51] Hoping for Be5+.} Kh6 49. Bf8+ (49. c5 $142 {And now Bf8+ would win.} Nf3+ 50. Kd1) 49... Kh7 50. Kc2 Bf6 51. Kb3 (51. c5 $18 Bd8 52. Bxa6 Bxa5 53. h6) 51... Nf3 $16 {[%emt 0:00:17] [#] White must now prevent ...Nd4+.} 52. Bc5 Kh6 (52... Kg7 $16 {might work better.}) 53. Bf8+ ({White should try} 53. Kb4 $18) 53... Kh7 {[%emt 0:00:55] aiming for ...Nd4+.} 54. Bc5 Kh6 $1 55. Be3 (55. Kb4 $16) 55... Bd4 $11 56. Bxf3 ({Don't blunder} 56. Bc1 $2 c5 57. Bf1 Kxh5 $19) 56... Bxe3 57. Be2 c5 58. g4 fxg4 59. Bxg4 {[%emt 0:00:06] Black escapes into a draw.  Weighted Error Value: White=0.19 (very precise) /Black=0.14 (very precise)} 1/2-1/2

[Event "56th Ilmar Raud Memorial 2022"]
[Site "Viljandi"]
[Date "2022.07.09"]
[Round "8.3"]
[White "Shvyrjov, Igor"]
[Black "Pultinevicius, Paulius"]
[Result "0-1"]
[ECO "D03"]
[WhiteElo "2377"]
[BlackElo "2539"]
[Annotator "TA"]
[PlyCount "92"]
[EventDate "2022.07.05"]
[EventType "swiss"]
[EventCountry "EST"]
[SourceTitle "playchess.com"]
[Source "ChessBase"]
[SourceQuality "1"]
[TimeControl "40/5400+30:900+30"]

1. d4 Nf6 2. Nf3 g6 3. Bg5 Bg7 4. Nbd2 d5 5. c3 O-O 6. e3 Nbd7 7. Be2 Re8 8. O-O e5 9. dxe5 Nxe5 10. Nxe5 {[%emt 0:03:09] D03: 1 d4 d5 2 Nf3 Nf6 3 Bg5, including Torre Attack with early ...d5.} Rxe5 11. Nf3 Re8 12. Qb3 {[%emt 0:01:08] Black has an edge.} c6 13. Rfd1 h6 14. Bh4 (14. Bxf6 $5 Qxf6 15. Rd2 $11) 14... Qe7 {[%emt 0:01:08] [#]} 15. a4 $146 ({Predecessor:} 15. Rac1 g5 16. Bg3 Ne4 17. Nd2 Nxg3 18. hxg3 Be6 19. Qc2 c5 20. Nf3 Rad8 21. Bb5 {½-½ (59) Madrid Sole,A (1717)-Xyko,K (1595) LSS email 2015}) 15... g5 16. Bg3 Ne4 {[%emt 0:00:22] And now ...h5 would win.} 17. Nd2 Nxg3 18. hxg3 Be6 (18... h5 $15) 19. Qc2 $11 g4 20. a5 h5 21. Ra4 Rad8 22. Nf1 c5 23. Bb5 {[%emt 0:02:08] [#]} Rf8 24. a6 b6 25. Bc6 Rd6 26. Bb7 Rfd8 27. Rd2 Qg5 28. Ra1 Be5 {[%emt 0:13:24] ...h4 is the strong threat.} 29. Qa4 d4 30. cxd4 cxd4 31. exd4 Rxd4 (31... Bxd4 $19 32. Re1 b5) 32. Rxd4 $17 Bxd4 33. Rd1 Qf6 {[%emt 0:05:40] Black is more active.} ({Don't play} 33... Bxb2 $6 34. Qf4 Qf6 35. Rxd8+ Qxd8 36. Ne3 $11) 34. Rd2 Bxb2 {[%emt 0:05:28] This bishop pair is nice.} 35. Rxd8+ Qxd8 36. Qb5 Bc1 (36... Bd4 $17 {Threatens to win with ...Qf6.} 37. Qxh5 Qf6) 37. Ne3 (37. Qe5 $1 $15) 37... h4 $36 {[%emt 0:03:08][%mdl 2048] White must now prevent ...Bxe3. Black is really pushing.} 38. Nd5 (38. Nf5 $142) 38... hxg3 39. fxg3 Qg5 40. Qd3 {[%emt 0:00:00] Prevents Be3+.} Qe5 {[%emt 0:00:00][%cal Ob6b5] Inhibits Qd4.} 41. Kh2 $2 (41. Qc3 Qxc3 42. Nxc3) 41... b5 {[%emt 0:04:12] Strongly threatening ...Bb2.} 42. Qxb5 {[%emt 0:07:44] [#]} (42. Qc2 $19 Bb2 43. Qc7 Qh5+ 44. Kg1) 42... Qh5+ 43. Kg1 Be3+ $1 44. Kf1 Qf5+ 45. Ke2 Qf2+ 46. Kd3 Qf1+ {[%emt 0:00:06] Weighted Error Value: White=0.50/Black=0.10 (very precise)} 0-1

[Event "56th Ilmar Raud Memorial 2022"]
[Site "Viljandi"]
[Date "2022.07.09"]
[Round "8.4"]
[White "Soot, Margus"]
[Black "Maiorov, Nikita"]
[Result "1/2-1/2"]
[ECO "A46"]
[WhiteElo "2062"]
[BlackElo "2474"]
[Annotator "RC"]
[PlyCount "138"]
[EventDate "2022.07.05"]
[EventType "swiss"]
[EventCountry "EST"]
[SourceTitle "playchess.com"]
[Source "ChessBase"]
[SourceQuality "1"]
[TimeControl "40/5400+30:900+30"]

1. Nf3 d5 2. d4 e6 3. g3 Nf6 4. Bg2 b5 5. O-O Nbd7 6. b3 Be7 7. c4 bxc4 8. bxc4 c6 9. Ba3 Bxa3 10. Nxa3 Qa5 11. Nc2 Ba6 12. Ne3 O-O 13. Qd2 Qa4 14. Rfc1 Rfc8 15. Qc2 Qa5 16. Qc3 Qxc3 17. Rxc3 Ne4 18. Ra3 Bxc4 19. Nxc4 dxc4 20. Ne5 Nxe5 21. Bxe4 Nd7 22. Rc1 Nb6 23. Ra6 Rc7 24. a4 Rb8 25. Bf3 Kf8 26. e3 Ke7 27. Be2 Rbb7 28. Bxc4 c5 29. Be2 cxd4 30. Rxc7+ Rxc7 31. exd4 Nd5 32. Bf3 Nb4 33. Ra5 Rd7 34. Kg2 Nc2 35. Bc6 Rc7 36. d5 Nd4 37. Ba8 Nb3 38. Rb5 Nc5 39. dxe6 Kxe6 40. Rb4 Kd6 41. Rd4+ Ke7 42. f4 Rd7 43. Rc4 Rd2+ 44. Kh3 Kd6 45. Be4 h6 46. Bf3 f5 47. g4 Rd3 48. Kg2 fxg4 49. Bxg4 a5 50. Bf3 Ra3 51. Rd4+ Ke7 52. Bc6 Rd3 53. Rxd3 Nxd3 54. Kf3 Nc5 55. Kg4 Kf6 56. Bb5 Ne6 57. Bd7 Nd4 58. Kg3 Ke7 59. Bg4 Kd6 60. Bd1 Kd5 61. Bh5 Kc5 62. Be8 Kd5 63. Bg6 Ne2+ 64. Kg4 Ke6 65. h4 Kf6 66. h5 Nc3 67. Be8 Nd5 68. Bc6 Nb4 69. Be4 Na6 1/2-1/2

[Event "56th Ilmar Raud Memorial 2022"]
[Site "Viljandi"]
[Date "2022.07.09"]
[Round "8.5"]
[White "Sakalauskas, Vaidas"]
[Black "Kiik, Kalle"]
[Result "1-0"]
[ECO "A41"]
[WhiteElo "2327"]
[BlackElo "2365"]
[Annotator "RC"]
[PlyCount "77"]
[EventDate "2022.07.05"]
[EventType "swiss"]
[EventCountry "EST"]
[SourceTitle "playchess.com"]
[Source "ChessBase"]
[SourceQuality "1"]
[TimeControl "40/5400+30:900+30"]

1. d4 d6 2. c4 e5 3. d5 f5 4. e4 Nf6 5. exf5 Bxf5 6. Nc3 Be7 7. Nge2 O-O 8. Ng3 Bg6 9. Bd3 Bxd3 10. Qxd3 Nbd7 11. O-O Nc5 12. Qe2 Qd7 13. Be3 Na4 14. Nce4 Nxe4 15. Nxe4 Qf5 16. f3 Nb6 17. Rac1 h6 18. Rfd1 Qf7 19. Qd3 Rfd8 20. Qb3 c5 21. Qa3 Nd7 22. b4 cxb4 23. Qxb4 b6 24. a4 Rab8 25. a5 Qg6 26. axb6 axb6 27. Rb1 Rf8 28. Kh1 Kh7 29. Qa4 Nf6 30. Nxf6+ Rxf6 31. Rxb6 Rxb6 32. Bxb6 e4 33. Qc2 exf3 34. Qxg6+ Kxg6 35. gxf3 Rxf3 36. c5 dxc5 37. d6 Bf6 38. d7 c4 39. Rd6 1-0

[Event "56th Ilmar Raud Memorial 2022"]
[Site "Viljandi"]
[Date "2022.07.09"]
[Round "8.6"]
[White "Miezis, Normunds"]
[Black "Sirosh, Ilja"]
[Result "1-0"]
[ECO "A21"]
[WhiteElo "2446"]
[BlackElo "2402"]
[Annotator "RC"]
[PlyCount "81"]
[EventDate "2022.07.05"]
[EventType "swiss"]
[EventCountry "EST"]
[SourceTitle "playchess.com"]
[Source "ChessBase"]
[SourceQuality "1"]
[TimeControl "40/5400+30:900+30"]

1. c4 e5 2. Nc3 Bb4 3. g3 Bxc3 4. dxc3 d6 5. e4 Nd7 6. Bg2 Nc5 7. Be3 b6 8. b4 Ne6 9. Nh3 Nf6 10. f4 Bb7 11. Nf2 c6 12. a4 O-O 13. O-O Re8 14. Qd2 Qc7 15. f5 Nf8 16. g4 d5 17. g5 Nxe4 18. Nxe4 dxe4 19. c5 Ba6 20. Rfe1 Bd3 21. Qf2 bxc5 22. Bxc5 Nd7 23. Bxe4 Nxc5 24. Qxc5 Bxe4 25. Rxe4 Qd8 26. Qe3 Qd5 27. Re1 f6 28. Rg4 Kh8 29. Rh4 fxg5 30. Qxg5 Qf7 31. Rhe4 Qf6 32. Qxf6 gxf6 33. Rc4 a5 34. b5 cxb5 35. axb5 Rec8 36. Rxc8+ Rxc8 37. Rc1 a4 38. c4 a3 39. c5 a2 40. c6 Kg7 41. Ra1 1-0

[Event "56th Ilmar Raud Memorial 2022"]
[Site "Viljandi"]
[Date "2022.07.10"]
[Round "9.1"]
[White "Sakalauskas, Vaidas"]
[Black "Laurusas, Tomas"]
[Result "1/2-1/2"]
[ECO "D94"]
[WhiteElo "2327"]
[BlackElo "2561"]
[Annotator "TA"]
[PlyCount "34"]
[EventDate "2022.07.05"]
[EventType "swiss"]
[EventCountry "EST"]
[SourceTitle "playchess.com"]
[Source "ChessBase"]
[SourceQuality "1"]
[TimeControl "40/5400+30:900+30"]

1. d4 d5 2. c4 c6 3. Nc3 Nf6 4. e3 g6 5. Nf3 Bg7 6. Be2 O-O 7. O-O a6 $1 {[%emt 0:00:05][%mdl 4] is more profitable than 7...Bg4 at the moment.} 8. Bd2 Bg4 {[%emt 0:00:46] D94: Grünfeld: 4 Nf3 Bg7 5 e3.} 9. Qb3 {[%emt 0:05:12] White is slightly better.} Ra7 10. h3 Bxf3 11. Bxf3 {[%emt 0:00:23] [#] White took control after the opening.  Weighted Error Value: White=0.03 (flawless) /Black=0.11 (very precise)} {Predecessor:} e6 $146 12. Rfd1 Nbd7 13. e4 dxe4 14. Bxe4 Nxe4 15. Nxe4 Qc7 16. Bb4 Re8 17. Qf3 Raa8 {1-0 (45) Artemiev,V (2728)-Laurusas,T (2509) Chess.com INT 2020} 1/2-1/2

[Event "56th Ilmar Raud Memorial 2022"]
[Site "Viljandi"]
[Date "2022.07.10"]
[Round "9.2"]
[White "Maiorov, Nikita"]
[Black "Kulaots, Kaido"]
[Result "1/2-1/2"]
[ECO "E36"]
[WhiteElo "2474"]
[BlackElo "2543"]
[Annotator "TA"]
[PlyCount "68"]
[EventDate "2022.07.05"]
[EventType "swiss"]
[EventCountry "EST"]
[SourceTitle "playchess.com"]
[Source "ChessBase"]
[SourceQuality "1"]
[TimeControl "40/5400+30:900+30"]

1. d4 Nf6 2. c4 e6 3. Nc3 Bb4 4. Qc2 O-O 5. a3 Bxc3+ 6. Qxc3 d5 7. Nf3 dxc4 8. Qxc4 b6 9. Bg5 {[%emt 0:00:05] E36: Nimzo-Indian: Classical: 4...d5 5 a3.} c5 10. dxc5 bxc5 {[%emt 0:01:59] [#]} 11. Qc2 $146 ({Predecessor:} 11. Nd2 Ba6 12. Qc2 h6 13. Bh4 Nbd7 14. e3 Bxf1 15. Rxf1 c4 16. Ke2 Qb8 17. Bg3 {1-0 (39) Shankland,S (2708)-Grischuk,A (2764) Belgrade 2022}) 11... h6 12. Bxf6 Qxf6 13. e3 Nd7 14. Be2 Rb8 15. Rb1 Bb7 16. O-O Ne5 17. Nd2 Qg5 {[%emt 0:08:30][%csl Gb7][%cal Rg5g2] [#]} 18. g3 Rfd8 19. Rfd1 Ng4 20. Nc4 h5 21. Rxd8+ (21. f3 $5 Nf6 22. Rxd8+ Rxd8 23. Rd1 Rxd1+ 24. Qxd1 $14) 21... Rxd8 {[%emt 0:00:13] The position is equal.} 22. Rd1 Rxd1+ 23. Qxd1 Bd5 24. h3 Nf6 25. Nd2 Qf5 26. Qa4 Qe5 ({Resist} 26... Qxh3 27. e4 h4 28. g4 $16) 27. Qc2 Bb7 28. Bf3 Bxf3 29. Nxf3 $11 {[%emt 0:00:02][%mdl 4096] Endgame KQN-KQN} Qd5 30. Nd2 Nd7 31. Nc4 Nb6 32. Nd2 Nd7 33. Nc4 Nb6 34. Nd2 Nd7 {[%emt 0:01:37] An interesting draw.  Weighted Error Value: White=0.03 (flawless) /Black=0.03 (flawless)} 1/2-1/2

[Event "56th Ilmar Raud Memorial 2022"]
[Site "Viljandi"]
[Date "2022.07.10"]
[Round "9.3"]
[White "Pultinevicius, Paulius"]
[Black "Soot, Margus"]
[Result "1-0"]
[ECO "D61"]
[WhiteElo "2539"]
[BlackElo "2062"]
[Annotator "RC"]
[PlyCount "95"]
[EventDate "2022.07.05"]
[EventType "swiss"]
[EventCountry "EST"]
[SourceTitle "playchess.com"]
[Source "ChessBase"]
[SourceQuality "1"]
[TimeControl "40/5400+30:900+30"]

1. d4 d5 2. c4 e6 3. Nc3 Nf6 4. Bg5 Be7 5. Nf3 c6 6. e3 Nbd7 7. Qc2 h6 8. Bh4 b6 9. Bd3 Bb7 10. O-O O-O 11. Rad1 Re8 12. Rfe1 a6 13. e4 dxe4 14. Nxe4 Nxe4 15. Bxe7 Qxe7 16. Bxe4 Rab8 17. c5 bxc5 18. dxc5 Red8 19. b4 a5 20. bxa5 Nxc5 21. Bh7+ Kh8 22. Rxd8+ Rxd8 23. Ne5 Rd5 24. Bg6 f6 25. Nf3 Ba6 26. g3 Qc7 27. Qc3 e5 28. Nh4 Bd3 29. Bxd3 Nxd3 30. Re3 Nc5 31. Qc2 e4 32. Ng6+ Kh7 33. Nf4 Re5 34. Ra3 g5 35. a6 Nxa6 36. Rxa6 gxf4 37. Rxc6 Qa5 38. Rc7+ Kg6 39. gxf4 Re6 40. Rc5 Qe1+ 41. Kg2 f5 42. Qb3 Rf6 43. Rc3 Rf7 44. Qe6+ Kg7 45. Rg3+ Kf8 46. Qd6+ Re7 47. Qd8+ Re8 48. Qf6# 1-0

[Event "56th Ilmar Raud Memorial 2022"]
[Site "Viljandi"]
[Date "2022.07.10"]
[Round "9.4"]
[White "Seeman, Tarvo"]
[Black "Miezis, Normunds"]
[Result "1/2-1/2"]
[ECO "B40"]
[WhiteElo "2410"]
[BlackElo "2446"]
[Annotator "RC"]
[PlyCount "29"]
[EventDate "2022.07.05"]
[EventType "swiss"]
[EventCountry "EST"]
[SourceTitle "playchess.com"]
[Source "ChessBase"]
[SourceQuality "1"]
[TimeControl "40/5400+30:900+30"]

1. e4 c5 2. Nf3 e6 3. c4 Nc6 4. Be2 e5 5. Nc3 d6 6. d3 g6 7. a3 a5 8. h4 h5 9. Nd5 Bg7 10. Bg5 f6 11. Bd2 a4 12. Nc3 Qa5 13. Nd5 Qd8 14. Nc3 Qa5 15. Nd5 1/2-1/2

[Event "56th Ilmar Raud Memorial 2022"]
[Site "Viljandi"]
[Date "2022.07.10"]
[Round "9.5"]
[White "Tobak, Mikhail"]
[Black "Medar, Marti"]
[Result "1-0"]
[ECO "B07"]
[WhiteElo "2307"]
[BlackElo "2066"]
[Annotator "RC"]
[PlyCount "95"]
[EventDate "2022.07.05"]
[EventType "swiss"]
[EventCountry "EST"]
[SourceTitle "playchess.com"]
[Source "ChessBase"]
[SourceQuality "1"]
[TimeControl "40/5400+30:900+30"]

1. e4 d6 2. d4 Nf6 3. Nc3 Nbd7 4. f4 e5 5. Nf3 exd4 6. Qxd4 c6 7. Be3 d5 8. e5 Bc5 9. Qd2 Bxe3 10. Qxe3 Ng4 11. Qd4 Qb6 12. Nd1 Qxd4 13. Nxd4 Nc5 14. c4 Ne6 15. Nxe6 fxe6 16. Be2 Nh6 17. Ne3 d4 18. Nc2 c5 19. O-O Bd7 20. Bd3 a5 21. h3 Ke7 22. g4 Raf8 23. Be4 g5 24. Ne1 Rxf4 25. Rxf4 gxf4 26. Nd3 b6 27. g5 Nf7 28. h4 Nd8 29. Nxf4 Be8 30. Re1 Rf8 31. Rf1 Rh8 32. Kh2 Nc6 33. Nd3 Bg6 34. Bxg6 hxg6 35. Kg3 Nb4 36. Nf4 Rg8 37. Rf2 Nxa2 38. h5 gxh5 39. Kh4 Nb4 40. Kxh5 Rh8+ 41. Kg6 Rf8 42. Kh7 Rf7+ 43. Kh6 Nc6 44. g6 Nxe5 45. gxf7 Nxf7+ 46. Kg7 Ng5 47. Re2 Kd6 48. Kg6 1-0

[Event "56th Ilmar Raud Memorial 2022"]
[Site "Viljandi"]
[Date "2022.07.10"]
[Round "9.6"]
[White "Kanep, Meelis"]
[Black "Sinitsina, Anastassia"]
[Result "1-0"]
[ECO "D76"]
[WhiteElo "2417"]
[BlackElo "2175"]
[Annotator "RC"]
[PlyCount "111"]
[EventDate "2022.07.05"]
[EventType "swiss"]
[EventCountry "EST"]
[SourceTitle "playchess.com"]
[Source "ChessBase"]
[SourceQuality "1"]
[TimeControl "40/5400+30:900+30"]

1. Nf3 Nf6 2. g3 g6 3. Bg2 Bg7 4. O-O O-O 5. c4 d5 6. cxd5 Nxd5 7. d4 Nc6 8. e4 Nb6 9. d5 Na5 10. Nc3 c6 11. Re1 Bd7 12. Bf4 Nac4 13. Qb3 Rc8 14. dxc6 Rxc6 15. e5 Qc8 16. Ne4 Nd5 17. Bg5 Rb6 18. Qd1 Be6 19. Rc1 Rxb2 20. Qd4 Rb4 21. Qxa7 Qa8 22. Qxa8 Rxa8 23. Nc5 Rxa2 24. Nd4 Nc7 25. Ndxe6 fxe6 26. Bxe7 Kf7 27. Nxe6 Kxe7 28. Nxc7 Nb6 29. Bxb7 Rbb2 30. Nd5+ Nxd5 31. Bxd5 Ra7 32. f4 Rd7 33. Bf3 Bh6 34. Rc8 Bf8 35. Rec1 Rbd2 36. Bg4 Ra7 37. R8c7+ Rxc7 38. Rxc7+ Ke8 39. Rxh7 Bc5+ 40. Kf1 Rf2+ 41. Ke1 Rb2 42. Be2 Bg1 43. Kf1 Bc5 44. Rg7 Rb1+ 45. Kg2 Rb2 46. Kf3 Bg1 47. h4 Rb6 48. Bd3 Rb3 49. Ke2 Rb2+ 50. Kf1 Be3 51. Rxg6 Rf2+ 52. Ke1 Rh2 53. f5 Bd4 54. Rg8+ Kd7 55. Bb5+ Kc7 56. f6 1-0